AoeStats
← killerClown9969

Arena

510255692Analyzed
4v4 RM · 3d ago on Sep 30, 2026· 70m 38s· 8 players
Game mode
Random Map
Map size
Large (8 player)
Population
200
Speed
Normal
Resources
Standard
Victory
Conquest
Starting age
Dark Age
Ending age
Imperial Age
RankedLock teamsTeams togetherTeam positionsShared explorationLock speedFull tech treeHidden civsTurbo modeCheats
Victory
Defeat
🇨🇳 Byzantines · China
617
+13
🇭🇰 Goths · Hong Kong SAR China
514
+17
🇵🇪 Danes · Peru
451
+20
🇦🇺 Khmer · Australia
413
+21
🇲🇽 Huns · Mexico
683
-23
🇨🇴 Romans · Colombia
642
-22
🇺🇸 Chinese · United States
453
-14
🇺🇸 Poles · United States
394
-12
songshu512
11:49 Feudal Age
12:44 Horse Collar
13:06 Double-Bit Axe
17:45 Stone Mining
17:47 Gold Mining
22:41 Castle Age
24:09 Forging
24:01 Scale Mail Armor
24:16 Man-at-Arms
26:23 Heavy Plow
26:36 Bow Saw
27:13 Stone Shaft Mining
26:55 Caravan
27:37 Squires
26:59 Long Swordsman
27:01 Pikeman
29:14 Iron Casting
28:54 Chain Mail Armor
29:23 Wheelbarrow
29:59 Loom
38:10 Imperial Age
37:19 Anarchy
38:32 Halberdier
38:33 Two-Handed Swordsman
40:22 Blast Furnace
38:50 Elite Huskarl
39:34 Perfusion
39:56 Conscription
43:10 Champion
64:15 Hand Cart
Snobyman
4:36 Loom
13:42 Feudal Age
14:30 Double-Bit Axe
14:30 Horse Collar
14:52 Gold Mining
14:53 Stone Mining
18:24 Wheelbarrow
24:39 Castle Age
23:36 Town Watch
25:45 Bow Saw
25:41 Heavy Plow
26:23 Gold Shaft Mining
26:28 Stone Shaft Mining
27:59 Hand Cart
28:04 Town Patrol
32:15 Imperial Age
33:01 Coinage
32:32 Caravan
34:19 Scale Barding Armor
34:15 Scale Mail Armor
34:25 Forging
34:16 Padded Archer Armor
40:55 Chemistry
40:16 Ballistics
39:46 Heated Shot
40:07 Fortified Wall
39:48 Guard Tower
39:54 Murder Holes
40:10 Masonry
40:06 Siege Engineers
40:25 Chain Barding Armor
40:20 Chain Mail Armor
40:41 Iron Casting
39:57 Fletching
40:22 Leather Archer Armor
43:22 Plate Barding Armor
43:49 Tusk Swords
43:10 Elite Ballista Elephant
43:23 Sappers
45:38 Double Crossbow
46:03 Conscription
46:19 Hoardings
58:39 Architecture
59:17 Blast Furnace
58:15 Bodkin Arrow
60:56 Banking
SilverAgeGamer
0:53 Loom
11:45 Feudal Age
14:53 Wheelbarrow
15:24 Stone Mining
17:03 Double-Bit Axe
22:58 Man-at-Arms
23:25 Arson
25:44 Castle Age
25:27 Forging
25:19 Scale Mail Armor
25:16 Fletching
26:23 Padded Archer Armor
27:09 Iron Casting
26:55 Chain Mail Armor
26:39 Bodkin Arrow
30:05 Bow Saw
30:51 Caravan
31:16 Horse Collar
33:13 Hamask
33:21 Pikeman
33:47 Gambesons
34:02 Squires
35:05 Heavy Plow
35:27 Hand Cart
35:00 Town Watch
41:39 Imperial Age
41:45 Imperial Age
41:53 Heavy Scorpion
42:29 Onager
42:53 Capped Ram
44:39 Conscription
48:17 Halberdier
48:19 Elite Varangian Guard
49:53 Hoardings
48:39 Elite Jomsviking
50:15 Siege Ram
50:44 Northmen's Fury
57:01 Ballistics
56:48 Siege Engineers
58:21 Siege Onager
66:05 Blast Furnace
65:07 Bracer
65:39 Plate Mail Armor
65:27 Leather Archer Armor
2824533090
11:52 Feudal Age
21:26 Castle Age
20:06 Double-Bit Axe
20:03 Horse Collar
20:19 Stone Mining
23:16 Stone Shaft Mining
26:35 Gold Mining
30:46 Squires
30:32 Arson
31:06 Man-at-Arms
31:33 Gambesons
33:12 Gold Shaft Mining
33:16 Bow Saw
33:10 Long Swordsman
38:32 Imperial Age
36:23 Scale Mail Armor
36:29 Scale Barding Armor
38:38 Two-Handed Swordsman
41:35 Champion
41:55 Cavalier
43:26 Conscription
43:13 Heavy Plow
44:59 Wheelbarrow
44:37 Forging
44:41 Capped Ram
46:10 Chain Mail Armor
47:10 Hoardings
47:46 Crop Rotation
48:08 Husbandry
47:54 Pikeman
50:29 Two-Man Saw
49:39 Halberdier
52:10 Siege Ram
54:36 Paladin
61:07 Heavy Camel Rider
70:06 Hand Cart
lDexterous
6:24 Loom
10:17 Loom
13:21 Feudal Age
14:17 Horse Collar
14:25 Double-Bit Axe
17:27 Wheelbarrow
22:09 Castle Age
21:57 Scale Mail Armor
22:01 Padded Archer Armor
22:54 Forging
23:02 Fletching
23:18 Scale Barding Armor
22:41 Man-at-Arms
23:07 Arson
25:47 Long Swordsman
26:29 Squires
27:43 Pikeman
28:44 Leather Archer Armor
35:20 Chain Mail Armor
35:15 Great Wall
36:47 Heavy Plow
37:00 Bow Saw
39:48 Hand Cart
39:59 Thumb Ring
40:29 Caravan
39:55 Elite Skirmisher
39:55 Crossbowman
51:08 Imperial Age
49:05 Bodkin Arrow
49:22 Forging
49:38 Chain Barding Armor
51:57 Heavy Scorpion
52:11 Crossbowman
54:44 Rocketry
✪KillerMx✪
11:10 Feudal Age
11:55 Double-Bit Axe
12:54 Wheelbarrow
15:50 Horse Collar
21:37 Castle Age
21:41 Forging
21:36 Scale Barding Armor
21:32 Scale Mail Armor
23:52 Chain Barding Armor
26:57 Hand Cart
26:44 Stone Mining
28:43 Iron Casting
28:24 Chain Mail Armor
31:08 Bow Saw
31:11 Heavy Plow
33:44 Bloodlines
33:34 Husbandry
34:47 Gold Mining
36:19 Marauders
40:17 Imperial Age
42:25 Two-Man Saw
42:32 Blast Furnace
42:08 Plate Barding Armor
41:10 Elite Tarkan
46:40 Light Cavalry
49:49 Hussar
50:01 Capped Ram
55:08 Arson
55:23 Squires
54:44 Pikeman
55:09 Cavalier
56:55 Halberdier
57:22 Siege Ram
59:01 Paladin
TheFoustAffectTTV
12:40 Feudal Age
18:06 Castle Age
18:14 Double-Bit Axe
25:40 Forging
25:30 Scale Mail Armor
28:39 Iron Casting
27:54 Fletching
28:05 Padded Archer Armor
29:02 Bow Saw
35:58 Imperial Age
38:16 Chain Mail Armor
37:57 Bodkin Arrow
38:22 Leather Archer Armor
38:21 Crossbowman
39:07 Thumb Ring
38:36 Elite Obuch
40:11 Arbalester
killerClown9969
5:39 Loom
13:06 Feudal Age
13:32 Horse Collar
13:46 Double-Bit Axe
16:23 Wheelbarrow
22:37 Castle Age
24:32 Stone Mining
24:36 Gold Mining
25:03 Bow Saw
27:38 Hand Cart
27:56 Hand Cart
29:27 Heavy Plow
30:09 Gold Shaft Mining
30:28 Forging
30:23 Scale Barding Armor
31:02 Town Watch
31:51 Caravan
32:22 Coinage
36:00 Imperial Age
36:18 Imperial Age
36:08 Loom
36:23 Town Patrol
37:01 Murder Holes
37:20 Fortified Wall
37:22 Masonry
37:35 Ballistics
38:07 Conscription
37:57 Ballistas
41:06 Architecture
40:47 Siege Engineers
41:43 Chemistry
41:29 Iron Casting
41:15 Chain Barding Armor
40:21 Elite Centurion
41:33 Guard Tower
45:16 Banking
44:57 Guilds
45:22 Comitatenses
46:07 Blast Furnace
45:43 Plate Barding Armor
60:19 Heavy Scorpion
Connection lost

Rejoining the realm…

Still unreachable

The connection could not be restored.

Session expired

The server has moved on; the page needs a fresh start.